 Dungeon Crawl Stone Soup version 0.31-a0-876-gfe8ebadbca (webtiles) character file.

Game seed: 13924067672224136691

60 Arex the Gusty (level 3, -1/28 HPs)
             Began as a Demonspawn Air Elementalist on Oct 14, 2023.
             Slain by a gnoll
             ... wielding a +0 flail
              (8 damage)
             ... on level 2 of the Dungeon.
             The game lasted 00:03:13 (2075 turns).

Arex the Gusty (Demonspawn Air Elementalist)        Turns: 2075, Time: 00:03:14

Health: -1/28      AC:  4    Str: 10    XL:     3   Next: 80%
Magic:  2/6        EV: 14    Int: 16    God:
Gold:   74         SH:  0    Dex: 13    Spells: 5/6 levels left

rFire   . . .        h - +0 whip
rCold   . . .        (no shield)
rNeg    . . .        a - +0 robe
rPois   .            k - +0 helmet
rElec   .            (no cloak)
rCorr   .            (no gloves)
SInv    .            j - +0 pair of boots
Will    +....        d - amulet of faith
Stlth   ++           g - ring of willpower
HPRegen 0.24/turn    (no ring)
MPRegen 0.10/turn

%: faith
@: very slightly contaminated
A: repulsion field 1, powered by death 1
a: no special abilities


You were on level 2 of the Dungeon.
You visited 1 branch of the dungeon, and saw 2 of its levels.

You collected 74 gold pieces.

Inventory:

Hand Weapons
 f - a +0 dagger
 h - a +0 whip (weapon)
Armour
 a - a +0 robe (worn)
 j - a +0 pair of boots (worn)
 k - a +0 helmet (worn)
Jewellery
 d - an amulet of faith (around neck)
 g - a ring of willpower (left hand)
Scrolls
 c - a scroll of identify
 e - a scroll of brand weapon
Potions
 b - a potion of magic
 i - a potion of attraction
 l - a potion of degeneration
 m - 2 potions of enlightenment {unknown}


   Skills:
 + Level 2.8 Fighting
 - Level 2.0 Dodging
 - Level 2.0 Stealth
 - Level 2.1 Spellcasting
 - Level 1.2 Conjurations
 - Level 2.8 Air Magic


You had 5 spell levels left.
You knew the following spells:

 Your Spells              Type           Power      Damage    Failure   Level
a - Shock                 Conj/Air       32%        1d5       9%          1

Your spell library contained the following spells:

 Spells                   Type           Power      Damage    Failure   Level
 Static Discharge         Conj/Air       16%        2-3/arc   14%         2
 Foxfire                  Conj/Fire      12%        2x1d4     16%         1
 Swiftness                Air            10%        N/A       19%         3
 Airstrike                Air            5%         2d(1-17)  54%         4
 Plasma Beam              Fire/Air       3%         2x1d13    100%        6
 Starburst                Conj/Fire      1%         6d3       100%        6


Dungeon Overview and Level Annotations

Branches:
Dungeon (2/15)

Altars:


Innate Abilities, Weirdness & Mutations

You are surrounded by a mild repulsion field. (EV +2)
You regenerate a little health from kills.


Message History

Casting: Shock (safe; 9% risk of failure)
Confirm with . or Enter, or press ? or * to list all spells.
Aiming: Shock (safe; 9% risk of failure)
Press: ? - help, Shift-Dir - straight line, f/p - gnoll
Aim: a gnoll, wielding a +0 halberd (moderately wounded, 72% to hit)
The zap hits the gnoll.
The gnoll is severely wounded.
The zap hits the gnoll.
The gnoll is heavily wounded.
The gnoll hits you with a +0 halberd!
Casting: Shock (safe; 9% risk of failure)
Confirm with . or Enter, or press ? or * to list all spells.
Aiming: Shock (safe; 9% risk of failure)
Press: ? - help, Shift-Dir - straight line, f/p - gnoll
Aim: a gnoll, wielding a +0 halberd (severely wounded, 72% to hit)
You miscast Shock.
You are very lightly contaminated with residual magic.
Nothing appears to happen.
Unknown command.
Casting: Shock (safe; 9% risk of failure)
Confirm with . or Enter, or press ? or * to list all spells.
Aiming: Shock (safe; 9% risk of failure)
Press: ? - help, Shift-Dir - straight line, f/p - gnoll
Aim: a gnoll, wielding a +0 halberd (severely wounded, 72% to hit)
Okay, then.
Casting: Shock (safe; 9% risk of failure)
Confirm with . or Enter, or press ? or * to list all spells.
Aiming: Shock (safe; 9% risk of failure)
Press: ? - help, Shift-Dir - straight line, f/p - gnoll
Aim: a gnoll, wielding a +0 halberd (severely wounded, 72% to hit)
The zap hits the gnoll.
You kill the gnoll!
The zap hits you.
* * * LOW HITPOINT WARNING * * *
The gnoll closely misses you.
Unknown command.
You hit the gnoll.
The gnoll is lightly wounded.
The gnoll hits you with a +0 flail!
You die...

.#.# .. ...
#. ... # ...
# ....#. ...
..#. #.#
...##?#
#..#.# #gg).#
#@.#####?##
#........[.
+..#....##.#
####.#.>.....
#.#.######
#.#.#.
#.#.#.####
#.#.#.#..
#.#.#.#.# #


You could see 2 gnolls.

Vanquished Creatures
  Jessica (D:2)
  A gnoll (D:2)
  A dart slug (D:2)
  5 bats
  2 endoplasms (D:2)
  A giant cockroach (D:2)
  A hobgoblin (D:2)
  4 kobolds (D:1)
  A quokka (D:1)
  A ball python (D:1)
  3 frilled lizards
  2 rats (D:1)
23 creatures vanquished.

Notes
Turn   | Place    | Note
-------+----------+-------------------------------------------
     0 | D:1      | Arex the Demonspawn Air Elementalist began the quest for
                  | the Orb.
     0 | D:1      | Reached XP level 1. HP: 13/13 MP: 3/3
   483 | D:1      | Gained mutation: You regenerate a little health from kills.
                  | [demonic ancestry]
   483 | D:1      | Reached XP level 2. HP: 11/19 MP: 1/5
  1804 | D:2      | Reached skill level 1 in Fighting
  1937 | D:2      | Noticed Jessica
  1945 | D:2      | Killed Jessica
  1946 | D:2      | Gained mutation: You are surrounded by a mild repulsion
                  | field. (EV +2) [demonic ancestry]
  1946 | D:2      | Reached XP level 3. HP: 20/28 MP: 2/6
  2075 | D:2      | Slain by a gnoll

Illustrated notes

Levels and vault maps discovered:
D:1:      lemuel_arrival_tunnels, layout_basic, minmay_pentomino_z4
D:2:      layout_basic, minmay_split_cup_small, uniq_natasha, uniq_jessica

Skill      XL: |  1  2 |
---------------+-------+-----
Stealth        | 2 |  2.0
Dodging        | 2 |  2.0
Fighting       | 2 |  2.8
Spellcasting   | |  2.1
Conjurations   | |  1.2
Air Magic      | |  2.8

Action                     || total
---------------------------++-------
  Melee: Unarmed           ||    25
         Dagger            ||    17
         Whip              ||    20
   Cast: Shock             ||    38
    Use: Scroll            ||     3
   Stab: Sleeping          ||     1
 Armour: Robe              ||    54
  Dodge: Dodged            ||    69

Table legend: (Time is in decaauts)
 A = Elapsed time spent in this place.
 B = Non-inter-level travel time spent in this place.
 C = Inter-level travel time spent in this place.
 D = Time resting spent in this place.
 E = Time spent auto-exploring this place.
 F = Levels seen in this place.
 G = Mean time per level.
                   A        B        C        D        E       F      G
               +--------+--------+--------+--------+--------+-----+--------+
         Total |   2076 |   1951 |    125 |    511 |   1190 |   2 | 1038.0 |
       Dungeon |   2076 |   1951 |    125 |    511 |   1190 |   2 | 1038.0 |
               +--------+--------+--------+--------+--------+-----+--------+

Top non-repeatable levels by time:
     D:1: 1739 daAuts
     D:2: 337 daAuts
